 Dungeon Crawl Stone Soup version 0.27-a0-1149-g4505690ab0 (webtiles) character file.

Game seed: 8504849157741094314

572 Drazool the Chopper (level 7, 0/57 HPs)
             Began as a Ghoul Monk on May 13, 2021.
             Slain by a black bear (5 damage)
             ... on level 3 of the Dungeon.
             The game lasted 00:22:07 (4255 turns).

Drazool the Chopper (Ghoul Monk)                    Turns: 4255, Time: 00:22:08

Health: 0/57       AC:  5    Str: 16    XL:     7   Next: 34%
Magic:  6/6        EV: 11    Int:  6    God:
Gold:   851        SH:  0    Dex: 11    Spells: 6/6 levels left

rFire    . . .     SeeInvis .   a - +3 broad axe (flame)
rCold    + . .     Faith    .   (no shield)
rNeg     + + +     Spirit   .   g - +0 ring mail
rPois    ∞         Reflect  .   (no helmet)
rElec    .         Harm     .   (no cloak)
rCorr    .         Rampage  .   (no gloves)
Will     .....                  (no boots)
Stlth    +.........             (no amulet)
HPRegen  0.00/turn              (no ring)
MPRegen  0.10/turn              (no ring)

@: no status effects
A: claws 1, cold resistance 1, negative energy resistance 3, inhibited
regeneration, torment resistance 2
a: no special abilities


You were on level 3 of the Dungeon.
You visited 2 branches of the dungeon, and saw 5 of its levels.

You collected 851 gold pieces.


Innate Abilities, Weirdness & Mutations

You thrive by killing the living.
You are immune to poison.
You have sharp fingernails.
Your flesh is cold resistant. (rC+)
You are immune to negative energy. (rN+++)
You do not regenerate when monsters are visible.
You are immune to unholy pain and torment.


   Skills:
 - Level 3.2 Fighting
 + Level 5.8 Axes
 + Level 4.4 Throwing
 - Level 2.6 Dodging
 - Level 2.1 Stealth


You had 6 spell levels left.
You didn't know any spells.
Your spell library was empty.

Inventory:

Hand Weapons
 a - a +3 broad axe of flaming (weapon)
 n - a +1 hand axe
Missiles
 e - 11 poisoned darts (quivered)
 h - 6 javelins
Armour
 b - a +0 robe
 g - a +0 ring mail (worn)
Scrolls
 o - a scroll of noise
 p - a scroll of blinking {unknown}
 q - a scroll of enchant armour {unknown}
Potions
 c - a potion of lignification {unknown}
 d - a potion of attraction {unknown}
 f - 4 potions of heal wounds {unknown}
 i - a potion of magic {unknown}
 j - a potion of cancellation {unknown}
 k - 4 potions of curing {unknown}
 l - a potion of invisibility
 m - a potion of ambrosia {unknown}
 r - a potion of flight {unknown}

Dungeon Overview and Level Annotations

Branches:
Dungeon (4/15)             Temple (1/1) D:4

Altars:
Ashenzari
Cheibriados
Elyvilon
Gozag
Kikubaaqudgha
Nemelex Xobeh
Okawaru
Qazlal
Ru
Sif Muna
Trog
Uskayaw
Vehumet
Wu Jian
Zin
The Shining One

Annotations:
D:3 1 runed translucent door, Crazy Yiuf
D:4 Robin

##### #...# #.#.# #.#.#
#.#.# #.#.#### ####.#....#
###############....#.##.#
...[............@..####.##
#####.###........h....#..#
#.# #.....##..<##.##.#
#####'###.....##..###.##.#
.......##.....##..# #....#
.........##'#.##..# ######
.........##.#.##..#
.........##.#.##..#####
...##....##.#.##......#


You could see a black bear (berserk).


Message History

The black bear closely misses you. The adder bites you.
You slash the black bear! You burn the black bear.
The black bear is almost dead.
You slash the adder! You burn the adder.
You kill the adder!
You feel better.
The black bear goes berserk!
The black bear barely misses you.
The black bear claws you but does no damage.
The black bear barely misses you.
You completely miss the black bear.
The black bear is almost dead.
The black bear bites you! The black bear closely misses you.
The black bear claws you but does no damage.
The black bear bites you!
* * * LOW HITPOINT WARNING * * *
The black bear misses you. The black bear claws you.
* * * LOW HITPOINT WARNING * * *
You completely miss the black bear.
The black bear is almost dead.
The black bear barely misses you.
The black bear claws you but does no damage. x2
The black bear closely misses you. The black bear claws you.
* * * LOW HITPOINT WARNING * * *
The black bear claws you.
* * * LOW HITPOINT WARNING * * *
You closely miss the black bear.
The black bear is severely wounded.
The black bear bites you!
* * * LOW HITPOINT WARNING * * *
The black bear closely misses you. The black bear claws you.
You die...

Skill      XL: |  1  2  3  4  5  6 |
---------------+-------------------+-----
Axes           | 3 4 5 |  5.8
Throwing       | 1 2 3 4 |  4.4
Fighting       | |  3.2
Dodging        | |  2.6
Stealth        | |  2.1

Action                   |  1- 3 |  4- 6 |  7- 9 || total
-------------------------+-------+-------+-------++-------
Melee: Hand axe          |   109 |    14 |       ||   123
       Broad axe         |       |    32 |    48 ||    80
Throw: Dart              |    55 |    35 |    32 ||   122
       Javelin           |     2 |     4 |     1 ||     7
  Use: Scroll            |     1 |     4 |       ||     5
 Stab: Sleeping          |       |     1 |       ||     1
Armor: Robe              |     9 |       |       ||     9
       Ring mail         |    29 |    14 |    19 ||    62
Dodge: Dodged            |    74 |    27 |    32 ||   133

Levels and vault maps discovered:
D:1:      giann_horns, layout_loops_ring
D:2:      layout_basic
D:3:      layout_basic, uniq_crazy_yiuf_cottage, uniq_grinder, uniq_terence
D:4:      minmay_skewed_foursquare, layout_basic,
          minmay_temple_entry_statues_pillars, minmay_cupped, uniq_robin
Temple:   nicolae_temple_elliptical

Notes
Turn   | Place    | Note
-------+----------+-------------------------------------------
     0 | D:1      | Drazool the Ghoul Monk began the quest for the Orb.
     0 | D:1      | Reached XP level 1. HP: 19/19 MP: 0/0
   114 | D:1      | HP: 1/19 [goblin/+0 dagger (2)]
   118 | D:1      | Reached skill level 3 in Axes
   537 | D:1      | Reached XP level 2. HP: 20/26 MP: 1/1
  1039 | D:1      | Reached XP level 3. HP: 31/31 MP: 2/2
  1193 | D:1      | Reached skill level 1 in Throwing
  1759 | D:2      | Reached XP level 4. HP: 36/38 MP: 3/3
  1842 | D:2      | Reached skill level 4 in Axes
  1849 | D:2      | Reached skill level 2 in Throwing
  2363 | D:3      | Identified 2 scrolls of acquirement
  2363 | D:3      | Acquired a +3 broad axe of flaming
  2366 | D:3      | Acquired 711 gold pieces
  2413 | D:3      | Found a runed translucent door.
  2414 | D:3      | Noticed Crazy Yiuf
  2461 | D:3      | Reached XP level 5. HP: 44/45 MP: 4/4
  2752 | D:3      | Reached skill level 3 in Throwing
  2756 | D:3      | Noticed Terence
  2939 | D:3      | Killed Terence
  2940 | D:3      | Reached XP level 6. HP: 51/51 MP: 5/5
  3161 | D:3      | Noticed Grinder
  3174 | D:3      | Killed Grinder
  3175 | D:3      | Reached skill level 5 in Axes
  3175 | D:3      | Reached skill level 4 in Throwing
  3175 | D:3      | Reached XP level 7. HP: 49/57 MP: 6/6
  3497 | D:4      | Found a staircase to the Ecumenical Temple.
  3507 | Temple   | Entered the Ecumenical Temple
  3952 | D:4      | Noticed Robin
  4255 | D:3      | HP: 5/57 [black bear (11)]
  4255 | D:3      | Slain by a black bear

Vanquished Creatures
  Grinder (D:3)
  A scorpion (D:3)
  A water moccasin skeleton (D:4)
  A jelly (D:3)
  A bullfrog skeleton (D:2)
  Terence (D:3)
  An orc wizard (D:4)
  3 adders
  An ufetubus (D:3)
  4 worms
  4 dart slugs
  8 orcs (D:4)
  5 endoplasms
  3 giant cockroaches
  15 goblins
  6 hobgoblins
  13 jackals
  6 kobolds
  5 quokkas
  2 ball pythons (D:2)
  6 bats
  5 rats
93 creatures vanquished.

Vanquished Creatures (others)
  A goblin (D:4)
1 creature vanquished.

Grand Total: 94 creatures vanquished

Table legend: (Time is in decaauts)
 A = Elapsed time spent in this place.
 B = Non-inter-level travel time spent in this place.
 C = Inter-level travel time spent in this place.
 D = Time resting spent in this place.
 E = Time spent auto-exploring this place.
 F = Levels seen in this place.
 G = Mean time per level.
                   A        B        C        D        E       F      G
               +--------+--------+--------+--------+--------+-----+--------+
         Total |   4288 |   4098 |    190 |      0 |   3273 |   5 |  857.6 |
       Dungeon |   4024 |   3889 |    135 |      0 |   3115 |   4 | 1006.0 |
        Temple |    263 |    208 |     55 |      0 |    158 |   1 |  263.0 |
               +--------+--------+--------+--------+--------+-----+--------+

Top non-repeatable levels by time:
     D:1: 1452 daAuts
     D:3: 1233 daAuts
     D:2: 935 daAuts
     D:4: 402 daAuts
  Temple: 263 daAuts

Table legend:
 A = Non-vault XP
 B = Vault XP
 C = Vault XP percentage of total XP
 D = Non-vault monster count
 E = Vault monster count
 F = Vault count percentage of total count
                 A         B        C        D         E       F
            +---------+---------+-------+---------+---------+-------
      Total |     468 |     350 |  42.8 |      79 |      14 |  15.1
            +---------+---------+-------+---------+---------+-------
        D:1 |      50 |       0 |   0.0 |      26 |       0 |   0.0
        D:2 |      91 |       0 |   0.0 |      21 |       0 |   0.0
        D:3 |     190 |     328 |  63.3 |      18 |       3 |  14.3
        D:4 |     137 |      22 |  13.8 |      14 |      11 |  44.0
            +---------+---------+-------+---------+---------+-------
